 Dungeon Crawl Stone Soup version 0.30-a0-54-g2e61a25929 (webtiles) character file.

Game seed: 12035056043901811812

114 PezBoy the Trooper (level 4, 0/30 HPs)
             Began as a Gargoyle Fighter on Sept 8, 2022.
             Killed by nerve-wracking pain
             ... invoked by an orc priest
              (3 damage)
             ... on level 3 of the Dungeon.
             The game lasted 00:03:04 (2274 turns).

PezBoy the Trooper (Gargoyle Fighter)               Turns: 2274, Time: 00:03:04

Health: 0/30       AC: 13    Str: 22    XL:     4   Next: 97%
Magic:  4/4        EV:  7    Int:  8    God:
Gold:   128        SH:  5    Dex: 15    Spells: 3/3 levels left

rFire   . . .      SeeInvis .    a - +0 flail
rCold   . . .      Faith    .    c - +0 buckler
rNeg    + . .      Spirit   .    r - +0 chain mail
rPois   ∞          Reflect  .    (no helmet)
rElec   +          Harm     .    (no cloak)
rCorr   .          Rampage  .    (no gloves)
Will    .....                    (no boots)
Stlth   ..........               (no amulet)
HPRegen 0.10/turn                h - +6 ring of dexterity
MPRegen 0.09/turn                (no ring)

@: no status effects
A: sickness immunity, AC +3, negative energy resistance 1, electricity
resistance, torment resistance 1, petrification resistance
a: no special abilities


You were on level 3 of the Dungeon.
You visited 1 branch of the dungeon, and saw 3 of its levels.

You collected 128 gold pieces.

Inventory:

Hand Weapons
 a - a +0 flail (weapon)
Missiles
 f - 3 datura-tipped darts (quivered)
Armour
 c - a +0 buckler (worn)
 r - a +0 chain mail (worn)
Jewellery
 h - a +6 ring of dexterity (left hand)
Scrolls
 e - 4 scrolls of identify {unknown}
 k - a scroll of magic mapping {unknown}
 n - a scroll of noise {unknown}
 o - a scroll of teleportation {unknown}
 p - a scroll of fog {unknown}
Potions
 d - 2 potions of might
 g - 2 potions of magic {unknown}
 i - 2 potions of flight {unknown}
 j - 2 potions of cancellation {unknown}
 l - 2 potions of mutation {unknown}
 m - a potion of invisibility {unknown}
 q - a potion of ambrosia {unknown}


   Skills:
 * Level 4.4 Fighting
 * Level 3.2 Maces & Flails
 + Level 3.8 Armour
 + Level 3.8 Shields


You had 3 spell levels left.
You didn't know any spells.
Your spell library contained the following spells:

 Spells                   Type           Power      Damage    Failure   Level
 Summon Small Mammal      Summ           0%         N/A       99%         1
 Call Canine Familiar     Summ           0%         N/A       100%        3
 Frozen Ramparts          Ice            0%         1d1       100%        3
 Summon Guardian Golem    Hex/Summ       0%         N/A       100%        3
 Ice Form                 Ice/Tmut       0%         N/A       100%        4
 Summon Ice Beast         Ice/Summ       0%         N/A       100%        4


Dungeon Overview and Level Annotations

Branches:
Dungeon (3/15)

Altars:


Innate Abilities, Weirdness & Mutations

You are immune to sickness and miasma.
Your stone body is resilient. (AC +3)
You are immune to poison.
You resist negative energy. (rN+)
You are resistant to electric shocks. (rElec)
You are resistant to unholy torment.
You are immune to petrification.


Message History

There is an open door here.
The giant cockroach waves its antennae.
You closely miss the giant cockroach. You block the giant cockroach's attack.
You thump the giant cockroach!
You kill the giant cockroach!
You barely miss the orc. The orc barely misses you.
The orc priest looks satisfied for a moment.
You hit the orc.
The orc is severely wounded.
The orc hits you with a +0 flail.
You barely miss the orc. The orc hits you but does no damage.
You hit the orc but do no damage. You block the orc's attack.
The orc priest calls upon Beogh to heal the orc.
The orc's wounds heal themselves!
You barely miss the orc. The orc barely misses you.
The orc hits you but does no damage.
You hit the orc.
The orc is lightly wounded.
The orc hits you with a +0 club.
You closely miss the orc.
The orc is lightly wounded.
The orc priest looks braver for a moment.
You block the orc's attack.
You barely miss the orc.
The orc is lightly wounded.
The orc priest mumbles some strange prayers to Beogh against you.
Beogh smites you!
* * * LOW HITPOINT WARNING * * *
You block the orc's attack. The orc completely misses you.
You hit the orc.
The orc is heavily wounded.
The orc priest mumbles some strange prayers to Beogh against you.
Beogh smites you!
* * * LOW HITPOINT WARNING * * *
The orc hits you but does no damage.
You hit the orc.
You kill the orc!
The orc priest calls down the wrath of Beogh upon you.
Pain shoots through your body!
You die...

..#
...............
..# ##............
..####.#
#...........#
.......#
#...........#
..######
#...........# ..#
#...........#
..######
#.....oow...#
.......#
..#####)#####
...##.##########@#
...##............#
##.###############
..# ###


You could see a worm, an orc priest and an orc.

Vanquished Creatures
  Jessica (D:2)
  3 adders (D:2)
  3 worms
  2 dart slugs
  An orc (D:3)
  4 endoplasms
  4 giant cockroaches
  6 goblins
  2 hobgoblins
  2 jackals (D:2)
  4 kobolds
  2 quokkas (D:1)
  5 ball pythons
  5 bats
  3 frilled lizards
47 creatures vanquished.

Notes
Turn   | Place    | Note
-------+----------+-------------------------------------------
     0 | D:1      | PezBoy the Gargoyle Fighter began the quest for the Orb.
     0 | D:1      | Reached XP level 1. HP: 14/14 MP: 1/1
   245 | D:1      | Reached XP level 2. HP: 16/19 MP: 2/2
   865 | D:1      | Reached XP level 3. HP: 21/24 MP: 3/3
  1426 | D:2      | Reached skill level 4 in Fighting
  1456 | D:2      | Noticed Jessica
  1462 | D:2      | Killed Jessica
  1463 | D:2      | Reached XP level 4. HP: 18/29 MP: 4/4
  1695 | D:2      | Found a faded altar of an unknown god.
  2274 | D:3      | Killed from afar by an orc priest

Illustrated notes

Levels and vault maps discovered:
D:1:      wheals_arrival_shading, layout_basic, roderic_lattice_a
D:2:      layout_loops_ring, hellmonk_ecumenical_altar_crossroads,
          palyth_stone_intersect, minmay_misc_feat_pillars,
          hangedman_decor_points, uniq_jessica
D:3:      layout_basic, elyvilon_altar_4, kennysheep_slug_shrine,
          grunt_ministairs_5

Skill      XL: |  1  2  3  4 |
---------------+-------------+-----
Fighting       | 4 |  4.4
Maces & Flails | 3 |  3.2
Armour         | |  3.8
Shields        | |  3.8

Action                   |  1- 3 |  4- 6 || total
-------------------------+-------+-------++-------
Melee: Flail             |    75 |    58 ||   133
Armor: Scale mail        |    33 |     7 ||    40
       Chain mail        |       |    18 ||    18
Dodge: Dodged            |    34 |    28 ||    62
Block: Buckler           |    16 |    14 ||    30

Table legend: (Time is in decaauts)
 A = Elapsed time spent in this place.
 B = Non-inter-level travel time spent in this place.
 C = Inter-level travel time spent in this place.
 D = Time resting spent in this place.
 E = Time spent auto-exploring this place.
 F = Levels seen in this place.
 G = Mean time per level.
                   A        B        C        D        E       F      G
               +--------+--------+--------+--------+--------+-----+--------+
         Total |   2314 |   2264 |     50 |      0 |   1857 |   3 |  771.3 |
       Dungeon |   2314 |   2264 |     50 |      0 |   1857 |   3 |  771.3 |
               +--------+--------+--------+--------+--------+-----+--------+

Top non-repeatable levels by time:
     D:1: 1288 daAuts
     D:2: 954 daAuts
     D:3: 71 daAuts
